 Dungeon Sprint DCSS version 0.31-a0-348-g810772c3d7 (webtiles) character file.

Game seed: 13955330634600814013

1819 Conn the Thaumaturge (level 9, -1/56 HPs)
             Began as an Octopode Fire Elementalist on July 23, 2023.
             Was a Priest of Sif Muna.
             Killed by an exploding orc knight (41 damage)
             ... ignited by their inner flame
             ... in the Dungeon (Sprint III: "The Ten Rune Challenge").
             The game lasted 00:06:10 (934 turns).

Conn the Thaumaturge (Octopode Fire Elementalist)    Turns: 934, Time: 00:06:11

Health: -1/56      AC:  1    Str:  7    XL:     9   Next: 10%
Magic:  3/24       EV: 14    Int: 22    God:    Sif Muna [***...]
Gold:   31         SH:  0    Dex: 12    Spells: 11/31 levels left

rFire   . . .        (no weapon)
rCold   . . .        (no shield)
rNeg    . . .        (helmet restricted)
rPois   .            (no amulet)
rElec   .            (no ring)
rCorr   .            (no ring)
SInv    .            (no ring)
Will    .....        (no ring)
Stlth   ++++         (no ring)
HPRegen 0.29/turn    (no ring)
MPRegen 0.19/turn    (no ring)
                     (no ring)

%: no teleportation
@: no status effects
A: almost no armour, amphibious, 8 rings, camouflage 1, gelatinous body 1,
(nimble swimmer 1), tentacles, fangs 1, tentacle spike 1, deterioration 1,
robust 1, MP-powered wands
a: Renounce Religion, Channel Magic, Forget Spell


You were in the Dungeon.
You worshipped Sif Muna.
Sif Muna was most pleased with you.
You visited 1 branch You collected 31 gold pieces.

Inventory:

Wands
 k - a wand of charming (8)
Scrolls
 f - a scroll of blinking
 g - 2 scrolls of torment {unknown}
 h - 3 scrolls of identify
Potions
 a - 3 potions of magic
 b - a potion of curing
 c - 2 potions of heal wounds
 d - 2 potions of haste
 e - 4 potions of mutation
 i - a potion of brilliance {unknown}
 j - a potion of enlightenment {unknown}


   Skills:
 + Level 4.8 Dodging
 + Level 5.8 Stealth
 * Level 11.7 Spellcasting
 * Level 6.7 Conjurations
 + Level 2.2 Hexes
 * Level 6.3 Summonings
 + Level 11.2 Fire Magic
 * Level 0.4 Earth Magic


You had 11 spell levels left.
You knew the following spells:

 Your Spells              Type           Power      Damage    Failure   Level
a - Foxfire               Conj/Fire      100%       2x1d9     1%          1
b - Scorch                Fire           100%       2d9       1%          2
c - Inner Flame           Hex/Fire       42%        N/A       1%          3
d - Flame Wave            Conj/Fire      51%        2d13      1%          4
e - Summon Guardian Gole  Hex/Summ       31%        N/A       2%          3
f - Call Canine Familiar  Summ           40%        N/A       1%          3
g - Stone Arrow           Conj/Erth      56%        3d10      3%          3
h - Summon Small Mammal   Summ           100%       N/A       1%          1

Your spell library contained the following spells:

 Spells                   Type           Power      Damage    Failure   Level
 Volatile Blastmotes      Fire/Tloc      74%        2d16      1%          3
 Lehudib's Crystal Spear  Conj/Erth      14%        10d5      100%        8
 Animate Armour           Summ/Erth      Unusable   N/A       N/A         4

Dungeon Overview and Level Annotations

Branches:
Dungeon (1/1)

Altars:
Dithmenos
Elyvilon
Kikubaaqudgha
Okawaru
Ru
Sif Muna
Trog
Uskayaw
Vehumet
Wu Jian
Yredelemnul
Zin
The Shining One

Shops:
D =


Innate Abilities, Weirdness & Mutations

You cannot wear most types of armour.
You are amphibious.
You can wear up to eight rings at the same time.
Your skin changes colour to match your surroundings (Stealth+).
Your rubbery body absorbs attacks. (AC +1, EV +1)
((You are camouflaged when in or above water. (Stealth+)))
You have tentacles for arms and can constrict up to eight enemies at once.
You have very sharp teeth.
One of your tentacles bears a spike.
Your body sometimes deteriorates upon taking damage.
You are robust. (+10% HP)
You expend magic power (3 MP) to strengthen your wands.


Message History

Casting: Summon Guardian Golem (dangerous; 2% risk of failure)
Confirm with . or Enter, or press ? or * to list all spells.
You conjure some foxfire!
Something hits your guardian golem! Flame seeps out of your guardian golem.
Unknown command.
Unknown command.
Casting: Foxfire (safe; 1% risk of failure)
Confirm with . or Enter, or press ? or * to list all spells.
Flames lash the orc knight.
Flame seeps out of the orc knight.
The orc knight is moderately wounded.
The orc knight's fire resistance burns away.
The foxfire hits the orc knight but does no damage.
The orc knight is moderately wounded.
The foxfire hits the orc knight!
The orc knight is burned terribly!
Flame seeps out of the orc knight.
The orc knight is heavily wounded.
Unknown command.
Unknown command.
Unknown command.
Casting: Scorch (safe; 1% risk of failure)
Confirm with . or Enter, or press ? or * to list all spells.
Flames lash the orc knight but do no damage.
Unknown command.
Casting: Scorch (safe; 1% risk of failure)
Confirm with . or Enter, or press ? or * to list all spells.
Flames lash the orc knight.
The orc knight is burned terribly!
Flame seeps out of the orc knight.
The orc knight is severely wounded.
The orc knight is engulfed in a cloud of scalding steam.
Flame seeps out of the orc knight.
Something hits your guardian golem!
Your guardian golem disappears in a puff of smoke!
Your guardian golem explodes!
The fiery explosion engulfs the orc knight!!!
The orc knight is burned terribly!
Sif Muna accepts your kill.
You hear a splash. x2
The orc knight explodes!
The fiery explosion engulfs you!!!
Ouch! That really hurt!
You die...

#...#__.#)_#$$o
###'#'###÷##).)
#..........#))
+.)[....r..#.∩
#...######'#§#
#.⌠.#
#...#o#####
#...#
#...#.§§§§+
#'###
#...#§#§§§#
#)).#
#...'.#§§@#
#___#
+...#.#§§§#
▓▓▓▓▓
▓▓▓▓▓▓▓▓▓▓▓


There were no monsters in sight!

Vanquished Creatures
  Snorg (D)
  A deep elf pyromancer (D)
  A necrophage (D)
  A water elemental (D)
  A jelly (D)
  An orc priest (D)
  A wizard (D)
  An orc wizard (D)
  A necromancer (D)
  2 humans (D)
  A kobold demonologist (D)
  A wolf (D)
  2 orcs (D)
  An endoplasm (D)
  3 rats (D)
19 creatures vanquished.

Vanquished Creatures (collateral kills)
  A shadow (D)
1 creature vanquished.

Vanquished Creatures (others)
  An orc knight (D)
  A human (D)
  31 foxfires (D)
33 creatures vanquished.

Grand Total: 53 creatures vanquished

Notes
Turn   | Place    | Note
-------+----------+-------------------------------------------
     0 | D        | Conn the Octopode Fire Elementalist began the quest for the
                  | Orb.
     0 | D        | Reached XP level 1. HP: 11/11 MP: 3/3
   133 | D        | Noticed a wolf
   166 | D        | Reached skill level 5 in Fire Magic
   166 | D        | Reached XP level 2. HP: 14/17 MP: 0/5
   216 | D        | Learned a level 2 spell: Scorch
   233 | D        | Reached XP level 3. HP: 21/21 MP: 1/7
   249 | D        | Gained mutation: Your body sometimes deteriorates upon
                  | taking damage. [potion of mutation]
   249 | D        | Gained mutation: You have very sharp teeth. [potion of
                  | mutation]
   249 | D        | Gained mutation: You have hidden genetic potential. [potion
                  | of mutation]
   249 | D        | Gained mutation: You are robust. (+10% HP) [potion of
                  | mutation]
   295 | D        | Learned a level 3 spell: Inner Flame
   296 | D        | Noticed a water elemental
   299 | D        | Killed a water elemental
   300 | D        | Reached XP level 4. HP: 29/29 MP: 1/10
   315 | D        | Gained mutation: You expend magic power (3 MP) to
                  | strengthen your wands. [hidden potential]
   380 | D        | Found a radiant altar of Vehumet.
   380 | D        | Found a shimmering blue altar of Sif Muna.
   380 | D        | Found an ancient bone altar of Kikubaaqudgha.
   380 | D        | Noticed a wizard
   382 | D        | Killed a wizard
   383 | D        | Reached XP level 5. HP: 34/34 MP: 6/11
   395 | D        | Learned a level 4 spell: Flame Wave
   399 | D        | Learned a level 3 spell: Summon Guardian Golem
   400 | D        | Became a worshipper of Sif Muna the Loreminder
   464 | D        | Found a hide-covered altar of Uskayaw.
   464 | D        | Found a bloodstained altar of Trog.
   464 | D        | Found an ornate altar of the Wu Jian Council.
   464 | D        | Noticed a human
   465 | D        | Noticed a human
   467 | D        | Found a glowing silver altar of Zin.
   470 | D        | Killed a human
   470 | D        | Killed a human
   471 | D        | Reached skill level 5 in Stealth
   471 | D        | Reached skill level 1 in Hexes
   471 | D        | Reached XP level 6. HP: 31/39 MP: 5/16
   472 | D        | Gained mutation: One of your tentacles bears a spike.
                  | [hidden potential]
   472 | D        | Lost mutation: You have hidden genetic potential. [hidden
                  | potential expressed]
   546 | D        | Noticed a deep elf pyromancer
   547 | D        | Noticed a fire elemental
   555 | D        | Killed a deep elf pyromancer
   555 | D        | Reached * piety under Sif Muna
   556 | D        | Reached skill level 5 in Conjurations
   556 | D        | Reached skill level 10 in Fire Magic
   556 | D        | Reached XP level 7. HP: 45/45 MP: 7/19
   646 | D        | Found a glowing golden altar of the Shining One.
   647 | D        | Found an iron altar of Okawaru.
   647 | D        | Found a white marble altar of Elyvilon.
   665 | D        | Found a basalt altar of Yredelemnul.
   665 | D        | Found a shadowy altar of Dithmenos.
   665 | D        | Found a sacrificial altar of Ru.
   669 | D        | Reached XP level 8. HP: 43/50 MP: 13/21
   718 | D        | Reached ** piety under Sif Muna
   719 | D        | Reached skill level 5 in Summonings
   741 | D        | Learned a level 3 spell: Call Canine Familiar
   745 | D        | Learned a level 3 spell: Stone Arrow
   747 | D        | Learned a level 1 spell: Summon Small Mammal
   752 | D        | Noticed a shadow
   755 | D        | Killed a shadow
   756 | D        | Reached skill level 10 in Spellcasting
   819 | D        | Noticed Snorg
   826 | D        | Killed Snorg
   827 | D        | Reached XP level 9. HP: 56/56 MP: 8/24
   919 | D        | Found Bonumpof's Jewellery Boutique.
   919 | D        | Noticed an orc knight
   924 | D        | Reached *** piety under Sif Muna
   934 | D        | Killed an orc knight
   934 | D        | Killed by an exploding orc knight... ignited by their inner
                  | flame

Illustrated notes

Levels and vault maps discovered:
D:        dungeon_sprint_mu [sprint_mu_entry_cave, sprint_mu_temple_rooms,
          sprint_mu_d1_horrors, sprint_mu_d2_genie, sprint_mu_d3_branching,
          sprint_mu_orc_legion, sprint_mu_elf_gauntlet, sprint_mu_hive_nellie,
          sprint_mu_lair_fedhas, sprint_mu_vaults_butterflies,
          sprint_mu_slime_circle, sprint_mu_swamp_cave, sprint_mu_snake_twists,
          sprint_mu_blade_basic, sprint_mu_crypt_lich, sprint_mu_tomb_spiral,
          sprint_mu_vestibule_basic, sprint_mu_gehenna_hellfire,
          sprint_mu_dis_giant, sprint_mu_tartarus_statrot,
          sprint_mu_cocytus_islands, sprint_mu_zot1]

Skill      XL: |  1  2  3  4  5  6  7  8 |
---------------+-------------------------+-----
Stealth        | 3 4 5 |  5.8
Fire Magic     | 5 7 9 10 11 | 11.2
Spellcasting   | 3 4 7 9 11 | 11.7
Dodging        | 3 4 |  4.8
Conjurations   | 2 4 5 6 |  6.7
Hexes          | 1 2 |  2.2
Summonings     | 3 4 6 |  6.3
Earth Magic    | |  0.4

Action                     |  1- 3 |  4- 6 |  7- 9 || total
---------------------------+-------+-------+-------++-------
  Melee: Unarmed           |    11 |       |       ||    11
         Constrict         |     1 |       |       ||     1
         Tentacles         |     1 |       |       ||     1
   Cast: Foxfire           |    10 |     2 |     6 ||    18
         Scorch            |     5 |     6 |     7 ||    18
         Summon Guardian G |       |     2 |     3 ||     5
         Inner Flame       |       |     1 |     5 ||     6
         Flame Wave        |       |       |     1 ||     1
         Summon Small Mamm |       |       |     4 ||     4
         Call Canine Famil |       |       |     2 ||     2
    Use: Potion            |     2 |       |       ||     2
 Armour: Skin              |     1 |       |       ||     1
  Dodge: Dodged            |     7 |     3 |     1 ||    11

Table legend: (Time is in decaauts)
 A = Elapsed time spent in this place.
 B = Non-inter-level travel time spent in this place.
 C = Inter-level travel time spent in this place.
 D = Time resting spent in this place.
 E = Time spent auto-exploring this place.
 F = Levels seen in this place.
 G = Mean time per level.
                   A        B        C        D        E       F      G
               +--------+--------+--------+--------+--------+-----+--------+
         Total |    943 |    943 |      0 |    599 |      0 |   1 |  943.0 |
       Dungeon |    943 |    943 |      0 |    599 |      0 |   1 |  943.0 |
               +--------+--------+--------+--------+--------+-----+--------+

Top non-repeatable levels by time:
       D: 943 daAuts
